 Dungeon Crawl Stone Soup version 0.29-a0-821-g6639535 (webtiles) character file.

Game seed: 3140497692325055815

410 PurpleRed the Magician (level 6, -4/35 HPs)
             Began as a Deep Elf Brigand on July 7, 2022.
             Slain by an ogre
             ... wielding a +0 giant spiked club
              (19 damage)
             ... on level 4 of the Dungeon.
             The game lasted 00:12:44 (1407 turns).

PurpleRed the Magician (Deep Elf Brigand)           Turns: 1407, Time: 00:12:44

Health: -4/35      AC:  6    Str:  8    XL:     6   Next: 58%
Magic:  26/26      EV: 10    Int: 18    God:
Gold:   119        SH:  0    Dex: 16    Spells: 18/18 levels left

rFire   . . .      SeeInvis .   i - +2 dagger (venom)
rCold   . . .      Faith    .   (no shield)
rNeg    . . .      Spirit   .   k - +0 ring mail
rPois   .          Reflect  .   (no helmet)
rElec   .          Harm     .   c - +0 cloak
rCorr   .          Rampage  .   (no gloves)
Will    .....                   (no boots)
Stlth   ++........              (no amulet)
HPRegen 0.11/turn               h - ring of flight
MPRegen 0.20/turn               n - ring of magical power

@: about to teleport, flying
A: no striking features
a: no special abilities


You were on level 4 of the Dungeon.
You visited 1 branch of the dungeon, and saw 4 of its levels.

You collected 152 gold pieces.
You spent 33 gold pieces at shops.

Inventory:

Hand Weapons
 a - a +2 spectral dagger
 i - a +2 dagger of venom (weapon)
 m - a +2 dagger of venom
Missiles
 d - a poisoned dart (quivered)
 o - 3 javelins
Armour
 b - a +0 robe
 c - a +0 cloak (worn)
 k - a +0 ring mail (worn)
 s - an orb of guile
Jewellery
 h - a ring of flight (left hand)
 n - a ring of magical power (right hand)
 r - a +6 ring of intelligence
Wands
 f - a wand of iceblast (6)
Scrolls
 g - a scroll of teleportation
Potions
 j - 2 potions of brilliance
 l - a potion of berserk rage
 p - 2 potions of curing
 q - a potion of ambrosia {unknown}
 t - a potion of heal wounds {unknown}
 u - a potion of cancellation {unknown}


   Skills:
 - Level 2.0 Fighting
 - Level 2.0 Short Blades
 - Level 2.0 Throwing
 - Level 1.2 Dodging
 - Level 4.8 Stealth
 + Level 6.5 Spellcasting
 + Level 3.0 Conjurations
 - Level 3.0 Earth Magic


You had 18 spell levels left.
You didn't know any spells.
Your spell library was empty.

Dungeon Overview and Level Annotations

Branches:
Dungeon (4/15)
 Temple: D:4-7

Altars:

Shops:
D:3 *=[:[

Annotations:
D:3 1 runed translucent door, Crazy Yiuf


Message History

Aiming: Iceblast
Press: ? - help, Shift-Dir - straight line The mass of ice explodes!
The iceblast engulfs Natasha!
Natasha is severely wounded.
Natasha zaps a wand.
The puff of flame hits you but does no damage.
Aiming: Iceblast
Press: ? - help, Shift-Dir - straight line The mass of ice explodes!
The iceblast engulfs Natasha!
You kill Natasha!
Natasha screams in fury as she dies!
Training target 3.0 for Earth Magic reached!
Your Conjurations skill increases to level 3!
Your Earth Magic skill increases to level 3!
Things that are here:
a +0 club; a ball python corpse You see here a hound corpse.
You see here a +0 flail.
You see here a +0 whip.
You see here the felid corpse of Natasha.
A worm comes into view.
There is a stone staircase leading up here.
You see here a javelin.
o - 3 javelins (gained 1)
An ogre comes into view. It is wielding a +0 giant spiked club.
You see here the felid corpse of Natasha.
You see here a +0 whip.
The ogre shouts!
You see here a +0 flail.
You see here a hound corpse.
Things that are here:
a +0 club; a ball python corpse
Okay, then.
As you read the scroll of teleportation, it crumbles to dust.
You feel strangely unstable. The ogre attacks as you move away!
The ogre closely misses you. The ogre attacks as you move away!
The ogre hits you with a +0 giant spiked club!!
Ouch! That really hurt!
You die...

#..............##..##....#####,,,
#..............)†).)†<.)(.....,,,
#..................##..((....#,*,
##.........#.......##....#....,,,
##.......##.......##..$.#*,.#,,,
#...######..^....##......,,,,,,
#.### #........##....##..,,,, #†#
#####....O...#######*,..,,, ###)#
#.........@...#*##*##...... ..).#
#.###########...(.##...#..[
....###.# *####..#.#J....
........# **,...h.o.. ....#####
######......< ....#
##.......oo... ....#
##........S.... ....#
#.......).<.... ....#
#..............


You could see an ogre.

Vanquished Creatures
  An ogre (D:4)
  A hound (D:4)
  4 orc priests
  Natasha (D:4)
  4 gnolls (D:2)
  6 adders
  A worm (D:3)
  3 dart slugs
  6 orcs
  2 endoplasms
  A giant cockroach (D:1)
  4 goblins
  5 hobgoblins
  3 quokkas
  3 ball pythons
  2 bats
  3 frilled lizards
  6 kobolds
  4 rats
60 creatures vanquished.

Notes
Turn   | Place    | Note
-------+----------+-------------------------------------------
     0 | D:1      | PurpleRed the Deep Elf Brigand began the quest for the Orb.
     0 | D:1      | Reached XP level 1. HP: 12/12 MP: 3/3
   126 | D:1      | Reached skill level 1 in Spellcasting
   160 | D:1      | Reached XP level 2. HP: 17/17 MP: 4/6
   220 | D:1      | Reached skill level 2 in Spellcasting
   483 | D:2      | Reached skill level 3 in Spellcasting
   483 | D:2      | Reached XP level 3. HP: 21/21 MP: 9/9
   487 | D:3      | Found Dimn's Antique Armour Shop.
   531 | D:3      | Reached skill level 4 in Spellcasting
   534 | D:3      | HP: 1/21 [orc priest/+0 short sword (4)]
   536 | D:3      | Reached skill level 5 in Spellcasting
   536 | D:3      | Reached XP level 4. HP: 2/26 MP: 13/13
   559 | D:3      | Found a runed translucent door.
   560 | D:3      | Noticed Crazy Yiuf
   659 | D:3      | Found Viphigu's General Store.
   671 | D:3      | Bought a scroll of teleportation for 33 gold pieces
   680 | D:3      | Found Sefiec's Jewellery Shop.
   712 | D:3      | Found Fongay's Book Emporium.
   774 | D:3      | Found Muumoll's Antique Armour Shop.
   959 | D:2      | Reached skill level 1 in Conjurations
   965 | D:2      | Reached skill level 1 in Earth Magic
   965 | D:2      | Reached XP level 5. HP: 6/30 MP: 14/14
  1176 | D:4      | Noticed an ogre
  1224 | D:4      | Killed an ogre
  1225 | D:4      | Reached skill level 6 in Spellcasting
  1273 | D:4      | Reached XP level 6. HP: 24/35 MP: 17/17
  1380 | D:4      | Noticed Natasha
  1382 | D:4      | Killed Natasha
  1407 | D:4      | Slain by an ogre

Illustrated notes

Levels and vault maps discovered:
D:1:      dpeg_arrival_court, layout_loops_cross
D:2:      layout_loops_ring
D:3:      layout_rooms, hellmonk_ecumenical_altar_slurped_away, serial_shops,
          shop, nicolae_shop_waterfront, shop_statue, nicolae_shop_crystal,
          shop_fountains, uniq_crazy_yiuf_cottage, uniq_jessica
D:4:      layout_rooms, uniq_natasha

Skill      XL: |  1  2  3  4  5  6 |
---------------+-------------------+-----
Spellcasting   | 1 3 5 6 |  6.5
Fighting       | 2 |  2.0
Conjurations   | 1 2 3 |  3.0
Earth Magic    | 1 2 3 |  3.0
Short Blades   | |  2.0
Throwing       | |  2.0
Dodging        | |  1.2
Stealth        | |  4.8

Action                   |  1- 3 |  4- 6 || total
-------------------------+-------+-------++-------
Melee: Dagger            |    44 |    65 ||   109
Throw: Dart              |     3 |    29 ||    32
       Javelin           |       |     5 ||     5
Evoke: Wand              |       |     6 ||     6
  Use: Potion            |     1 |     1 ||     2
       Scroll            |       |    10 ||    10
 Stab: Sleeping          |     6 |     3 ||     9
Armor: Ring mail         |    13 |    25 ||    38
Dodge: Dodged            |    22 |    28 ||    50

Table legend: (Time is in decaauts)
 A = Elapsed time spent in this place.
 B = Non-inter-level travel time spent in this place.
 C = Inter-level travel time spent in this place.
 D = Time resting spent in this place.
 E = Time spent auto-exploring this place.
 F = Levels seen in this place.
 G = Mean time per level.
                   A        B        C        D        E       F      G
               +--------+--------+--------+--------+--------+-----+--------+
         Total |   1379 |   1361 |     18 |      0 |      0 |   4 |  344.8 |
       Dungeon |   1379 |   1361 |     18 |      0 |      0 |   4 |  344.8 |
               +--------+--------+--------+--------+--------+-----+--------+

Top non-repeatable levels by time:
     D:1: 428 daAuts
     D:3: 359 daAuts
     D:2: 312 daAuts
     D:4: 280 daAuts
